Map: Romanticide LE

Players

Reynor - Winner!

  • Race: Zerg Zerg
  • League: Master
  • Spawn Location: 11:00

uwuThermal (uThermal)

  • Race: Terran Terran
  • Spawn Location: 5:00

Event: DreamHack SC2 Masters 2020 Winter

VOD

Have the link to the VOD?

Description

Time

  • Played on: Nov. 3, 2020, 2:06 p.m.
  • Length: 16:34

All games in this series

Show
View Real Time Build Order
Export as new Build Order

Reynor Zerg - Winner!

Build Orders: Pool First, Lurkers 

Get SALT Encoding   

  12  0:01  Drone  
  13  0:13  Overlord  
  13  0:17  Drone  
  14  0:31  Drone x2  
  16  0:41  Spawning Pool  
  15  0:44  Drone  
  15  0:49  Drone  
  17  1:09  Hatchery  
  16  1:12  Drone  
  16  1:16  Extractor  
  16  1:27  Zergling x2  
  16  1:28  Zergling x4  
  19  1:34  Roach Warren  
  19  1:39  Drone  
  19  1:48  Queen  
  21  1:57  Overlord  
  22  2:01  Drone  
  24  2:15  Roach  
  24  2:21  Roach  
  26  2:24  Roach  
  28  2:33  Roach  
  28  2:34  Drone  
  30  2:40  Queen  
  32  2:47  Overlord  
  32  2:48  Ravager  
  32  2:58  Drone x2  
  34  2:59  Drone  
  34  3:02  Drone  
  36  3:12  Ravager  
  37  3:14  Drone x2  
  37  3:15  Drone  
  37  3:19  Drone  
  41  3:21  Drone  
  41  3:26  Overlord  
  42  3:35  Drone  
  40  3:52  Drone x4  
  39  3:59  Drone x2  
  39  4:01  Metabolic Boost  
  41  4:06  Queen  
  43  4:13  Hatchery, Zergling x4  
  44  4:18  Queen  
  44  4:21  Drone x2  
  45  4:25  Zergling x6  
  45  4:27  Drone  
  49  4:32  Drone  
  49  4:33  Drone x2  
  49  4:38  Overlord  
  52  4:48  Overlord  
  52  4:55  Overlord  
  52  4:56  Queen  
  52  4:58  Queen  
  52  4:59  Drone  
  57  5:00  Zergling x6  
  57  5:05  Overlord  
  60  5:08  Drone  
  60  5:09  Drone x2  
  60  5:11  Zergling x2  
  64  5:20  Drone  
  64  5:22  Drone  
  64  5:23  Overlord, Drone x2  
  64  5:24  Drone x2  
  64  5:26  Drone  
  70  5:28  Evolution Chamber  
  70  5:29  Evolution Chamber  
  70  5:31  Queen  
  70  5:32  Drone  
  71  5:36  Drone x2  
  73  5:43  Drone  
  73  5:45  Lair  
  73  5:47  Drone x2, Extractor  
  75  5:50  Drone x3  
  75  5:53  Drone  
  75  5:54  Zerg Ground Armor Level 1  
  75  5:56  Extractor  
  78  5:58  Zerg Melee Weapons Level 1  
  78  5:59  Zergling x4  
  80  6:05  Drone  
  80  6:09  Overlord  
  80  6:10  Drone x4  
  85  6:18  Drone  
  85  6:20  Baneling Nest  
  85  6:21  Hatchery, Drone x4  
  87  6:29  Drone  
  87  6:30  Drone  
  87  6:31  Zergling x4, Extractor  
  87  6:32  Extractor  
  88  6:33  Zergling x2  
  88  6:39  Drone x2  
  91  6:41  Zergling x4  
  91  6:42  Zergling x2  
  91  6:43  Zergling x2, Drone x3  
  98  6:49  Drone x4  
  98  6:52  Overlord  
  102  6:58  Zergling x2  
  103  7:03  Zergling x2, Hatchery  
  103  7:05  Centrifical Hooks  
  103  7:06  Zergling x2  
  104  7:09  Zergling x2  
  104  7:12  Overlord  
  104  7:14  Zergling x12  
  111  7:16  Drone x2  
  111  7:18  Overlord  
  113  7:25  Zergling x2  
  113  7:28  Overlord  
  114  7:31  Drone  
  114  7:32  Drone x2  
  114  7:33  Zergling x2  
  114  7:36  Zergling x2  
  119  7:42  Queen  
  119  7:43  Burrow  
  121  7:44  Drone x3  
  121  7:48  Zergling x14  
  121  7:49  Hatchery  
  130  7:53  Zergling x2  
  130  7:55  Zerg Ground Armor Level 2, Zerg Melee Weapons Level 2  
  131  8:00  Pneumatized Carapace  
  131  8:01  Zergling x10  
  131  8:02  Baneling x2  
  131  8:03  Baneling x4  
  131  8:05  Overlord  
  136  8:08  Baneling x4  
  135  8:13  Baneling x3  
  135  8:17  Overlord  
  135  8:22  Zergling x2  
  135  8:23  Zergling x14  
  141  8:30  Zergling x4  
  141  8:31  Zergling x14  
  141  8:37  Drone x5  
  141  8:38  Zergling x2  
  141  8:40  Zergling x2  
  148  8:42  Zergling x2  
  148  8:46  Zergling x6  
  148  8:48  Baneling x6  
  152  8:49  Zergling x6  
  152  8:53  Drone x2, Extractor  
  152  8:55  Infestation Pit, Zergling x2, Spore Crawler  
  149  8:56  Zergling x4  
  149  9:02  Zergling x10  
  157  9:09  Zergling x16  
  157  9:11  Overlord  
  157  9:12  Drone x2  
  158  9:20  Queen, Drone x3  
  158  9:22  Zergling x2  
  158  9:23  Overlord x2  
  164  9:30  Zergling x2  
  164  9:31  Zergling x14  
  172  9:35  Spore Crawler  
  172  9:36  Spine Crawler  
  172  9:37  Hive  
  170  9:39  Hydralisk Den  
  170  9:40  Baneling x6  
  170  9:42  Drone x8  
  170  9:43  Overseer  
  170  9:44  Extractor  
  170  9:45  Drone, Extractor  
  177  9:46  Spore Crawler, Drone  
  177  9:47  Zergling x4  
  177  9:48  Evolution Chamber  
  177  9:51  Zergling x12  
  183  9:53  Baneling x5  
  183  9:54  Zergling x2  
  183  9:55  Zergling x2  
  183  9:57  Zergling x6  
  183  9:59  Baneling x6  
  188  10:08  Overlord  
  188  10:11  Zergling x6  
  185  10:19  Lurker Den, Drone  
  185  10:20  Zerg Missile Weapons Level 1, Drone  
  186  10:21  Lurker Den, Drone  
  186  10:22  Drone  
  186  10:24  Overlord  
  186  10:26  Drone x4  
  186  10:27  Drone x4  
  194  10:30  Zergling x2  
  194  10:31  Overlord  
  194  10:33  Zergling x2  
  196  10:36  Baneling x4  
  196  10:41  Overlord  
  195  10:47  Zergling x2  
  195  10:48  Zergling x26  
  196  10:51  Baneling x3  
  196  10:53  Zerg Melee Weapons Level 3  
  196  10:54  Zerg Ground Armor Level 3  
  196  10:56  Drone x2  
  198  11:00  Zergling x2  
  198  11:02  Overlord  
  199  11:10  Hatchery  
  185  11:13  Hydralisk  
  185  11:14  Zergling x22  
  185  11:17  Overseer x2  
  185  11:18  Overseer  
  198  11:19  Overseer  
  198  11:21  Hydralisk  
  198  11:22  Adaptive Talons  
  198  11:23  Seismic Spines  
  200  11:31  Zergling x2  
  190  11:41  Hydralisk x3  
  190  11:42  Zergling x6  
  190  11:45  Adrenal Glands  
  199  11:51  Baneling  
  199  11:52  Baneling x9  
  199  11:58  Extractor  
  199  11:59  Extractor  
  197  12:08  Zergling x2, Hydralisk  
  177  12:09  Zergling x40  
  177  12:12  Hydralisk x2  
  177  12:13  Zergling x16  
  194  12:20  Zergling x10, Hydralisk  
  194  12:21  Zergling x6  
  197  12:28  Hydralisk  
  197  12:29  Zergling x12  
  193  12:31  Hydralisk  
  193  12:32  Zergling x10  
  200  12:45  Baneling x8  
  200  12:53  Baneling x7  
  199  13:03  Lurker x3  
  198  13:07  Hatchery  
  198  13:10  Zergling x2, Hydralisk  
  198  13:11  Zergling x22  
  174  13:13  Zergling x2, Hydralisk  
  174  13:14  Zergling x24  
  174  13:16  Hydralisk  
  174  13:17  Zergling x4  
  174  13:18  Zergling x6  
  179  13:26  Hydralisk, Lurker x5  
  183  13:27  Zergling x10  
  183  13:31  Hydralisk  
  183  13:32  Zergling x4  
  183  13:33  Hydralisk  
  194  13:34  Zergling x6  
  194  13:38  Zergling x2  
  198  14:02  Muscular Augments  
  198  14:23  Hydralisk x3  
  192  14:24  Zergling x22  
  192  14:29  Zergling x2, Hydralisk  
  192  14:30  Zergling x22  
  190  14:31  Hydralisk  
  190  14:32  Zergling x6  
  190  14:33  Zergling x10  
  190  14:37  Zergling x2, Hydralisk  
  190  14:38  Zergling x16  
  199  14:42  Zergling x2, Hydralisk  
  199  14:43  Zergling x2  
  198  14:46  Zergling x4  
  192  15:07  Drone x5  
  192  15:09  Lurker  
  192  15:10  Lurker x2  
  192  15:13  Spore Crawler  
  192  15:14  Grooved Spines, Extractor x2  
  197  15:15  Spore Crawler  
  197  15:18  Baneling x5  
  195  15:22  Zergling x8, Hydralisk  
  195  15:23  Hatchery  
  194  15:30  Hydralisk  
  194  15:31  Zergling x16  
  194  15:34  Baneling  
  194  15:35  Baneling  
  190  15:36  Hydralisk  
  190  15:37  Zergling x18  
  190  15:40  Zergling x6, Hydralisk  
  189  15:49  Hydralisk  
  170  15:50  Zergling x10  
  170  15:52  Hydralisk x2  
  170  15:53  Zergling x2  
  170  15:56  Hydralisk  
  178  15:57  Zergling x6  
Show
View Real Time Build Order
Export as new Build Order

uwuThermal Terran 

Build Orders: Reaper Expand 

Get SALT Encoding   

  12  0:02  SCV  
  13  0:14  SCV  
  13  0:18  Supply Depot  
  14  0:26  SCV  
  15  0:40  SCV, Barracks  
  16  0:43  Refinery  
  16  0:52  SCV  
  17  1:04  SCV  
  18  1:16  SCV  
  19  1:28  Reaper  
  19  1:29  Orbital Command  
  20  1:40  Command Center  
  20  1:52  Supply Depot  
  20  1:55  SCV  
  20  1:59  Marine  
  22  2:07  SCV  
  23  2:12  Factory  
  22  2:17  Marine  
  22  2:19  Bunker  
  22  2:20  SCV  
  24  2:33  SCV  
  24  2:35  Marine  
  26  2:44  Bunker  
  26  2:45  SCV  
  27  2:53  Marine  
  27  2:57  SCV  
  29  3:00  Factory Tech Lab  
  29  3:01  Bunker  
  29  3:02  Refinery  
  29  3:09  SCV, Orbital Command  
  29  3:12  Barracks Reactor  
  30  3:19  Cyclone  
  33  3:21  SCV  
  34  3:33  SCV  
  35  3:37  SCV  
  35  3:45  SCV  
  34  3:49  SCV  
  33  3:57  SCV, Starport  
  33  4:01  SCV  
  34  4:03  Hellion x2  
  34  4:09  SCV  
  39  4:13  SCV  
  39  4:16  Supply Depot  
  40  4:21  SCV  
  41  4:25  Command Center  
  41  4:27  SCV  
  41  4:30  Hellion  
  44  4:33  Hellion  
  44  4:38  SCV  
  47  4:39  SCV  
  47  4:40  Marine  
  47  4:41  Stimpack  
  49  4:50  SCV  
  49  4:51  SCV  
  51  4:55  Starport Reactor  
  51  4:58  Marine  
  52  5:02  SCV  
  52  5:03  SCV, Barracks  
  52  5:04  Barracks  
  52  5:05  Factory Tech Lab  
  54  5:09  Supply Depot  
  54  5:21  Engineering Bay  
  54  5:23  SCV x2, Engineering Bay, Marine  
  54  5:30  Refinery  
  54  5:31  Refinery, Siege Tank  
  54  5:35  SCV x2, Supply Depot  
  59  5:40  Orbital Command, Marine  
  60  5:45  Starport Reactor  
  60  5:47  SCV x2  
  60  5:49  Terran Infantry Weapons Level 1, Terran Infantry Armor Level 1  
  62  5:52  Marine  
  62  5:53  Marine  
  62  5:56  Marine x2  
  66  5:58  Marine  
  66  5:59  SCV  
  66  6:03  Siege Tank  
  66  6:04  Orbital Command  
  71  6:08  Supply Depot  
  71  6:09  SCV  
  72  6:11  SCV, Marine x2  
  72  6:17  Marine x2  
  77  6:21  SCV, Medivac x2  
  77  6:23  SCV, Marine  
  84  6:29  Marine  
  84  6:30  Marine  
  84  6:31  SCV  
  79  6:33  SCV  
  79  6:37  Barracks x2, Siege Tank  
  79  6:39  Marine  
  83  6:41  SCV  
  83  6:43  Marine  
  83  6:44  Supply Depot  
  83  6:46  Marine  
  87  6:47  SCV, Marine  
  87  6:48  SCV  
  87  6:52  Marine  
  87  6:53  Medivac  
  93  6:59  Missile Turret  
  93  7:03  Armory  
  93  7:05  SCV x2, Medivac, Marine x2  
  93  7:06  SCV  
  100  7:11  Missile Turret  
  100  7:12  Supply Depot, Marine  
  100  7:15  Combat Shield  
  101  7:20  Supply Depot, Factory Reactor  
  101  7:27  Barracks Reactor x2, Missile Turret  
  101  7:33  SCV x3, Marine x3  
  107  7:37  Supply Depot  
  107  7:38  Supply Depot  
  107  7:40  Medivac  
  107  7:42  Marine x2  
  111  7:45  SCV  
  111  7:49  SCV  
  111  7:51  Marine x3  
  113  7:54  Terran Infantry Weapons Level 2  
  113  7:55  Terran Infantry Armor Level 2  
  116  8:00  Marine x2  
  116  8:02  Refinery  
  116  8:04  Marine x2  
  116  8:05  Supply Depot  
  120  8:06  SCV  
  120  8:10  Widow Mine x2, Marine  
  126  8:14  SCV  
  126  8:16  Supply Depot  
  127  8:22  Medivac, Marine  
  127  8:25  Marine x2  
  127  8:26  Marine  
  133  8:30  Marine  
  133  8:31  Marine  
  133  8:32  Medivac, Marine x2  
  127  8:36  Widow Mine x2  
  127  8:40  Factory  
  131  8:42  Supply Depot  
  131  8:44  Supply Depot  
  131  8:47  Marine  
  131  8:48  Marine x4  
  136  8:52  Medivac  
  136  8:53  Marine  
  136  8:54  Marine  
  138  9:00  Command Center  
  137  9:07  Marine x2  
  134  9:10  Widow Mine  
  134  9:14  Marine x2  
  134  9:16  Widow Mine  
  138  9:18  Marine  
  138  9:19  SCV  
  138  9:21  SCV x2, Marine  
  138  9:22  Medivac x2, Marine  
  138  9:23  Drilling Claws  
  148  9:24  Marine x2  
  148  9:29  Marine x2  
  152  9:31  Sensor Tower  
  152  9:35  Marine, Widow Mine x2  
  157  9:43  Supply Depot  
  157  9:44  Marine x4  
  157  9:45  Supply Depot  
  161  9:49  Widow Mine  
  161  9:50  Marine  
  164  9:55  Supply Depot  
  164  9:57  Supply Depot  
  164  10:05  Medivac, Thor  
  164  10:07  Medivac  
  172  10:15  Marine x2  
  172  10:18  Command Center  
  172  10:19  SCV x2, Marine  
  177  10:24  SCV  
  177  10:27  Marine x2  
  167  10:30  Widow Mine  
  167  10:31  SCV x2, Widow Mine  
  167  10:35  Medivac  
  175  10:37  Marine x2  
  175  10:38  Marine  
  176  10:46  Planetary Fortress  
  176  10:48  Marine x2  
  169  10:50  Marine x2, Widow Mine  
  169  10:52  Marine x2  
  169  10:55  Widow Mine x2  
  177  10:59  Marine x2  
  177  11:00  Marine  
  180  11:11  Widow Mine  
  180  11:14  Command Center, Marine x3, Sensor Tower  
  179  11:20  Marine  
  179  11:21  Marine  
  179  11:23  Barracks x2  
  179  11:24  Barracks  
  181  11:29  Widow Mine x2  
  185  11:35  Marine  
  185  11:36  Widow Mine  
  185  11:37  Orbital Command  
  185  11:38  Terran Infantry Armor Level 3  
  188  11:44  Terran Infantry Weapons Level 3  
  188  11:45  Marine  
  189  11:48  Marauder  
  189  11:50  Widow Mine  
  189  11:55  Marine x2  
  189  11:56  Concussive Shells  
  189  11:58  Widow Mine  
  189  11:59  Widow Mine  
  181  12:09  Marauder  
  181  12:11  Barracks Tech Lab x2  
  181  12:14  Barracks Tech Lab  
  169  12:20  Marine  
  169  12:21  Marine x3  
  169  12:22  Widow Mine x2  
  163  12:31  Marauder x3, Marine x2  
  163  12:32  Marine x2, Widow Mine  
  163  12:33  Marauder, Liberator  
  163  12:34  Liberator  
  177  12:40  Marine  
  177  12:43  Widow Mine  
  177  12:44  Marine x3  
  180  12:49  Marine x2  
  185  12:52  Marauder  
  185  12:53  Marauder x2  
  185  12:54  Marauder  
  185  12:56  Marine x2  
  195  13:02  Widow Mine x2  
  183  13:13  Marauder, Marine x6  
  183  13:14  Marauder  
  183  13:15  Widow Mine  
  183  13:17  Marauder, Marine  
  183  13:19  Marine  
  194  13:20  Planetary Fortress, Marauder  
  194  13:23  SCV  
  195  13:30  Marine  
  195  13:31  Marine  
  195  13:32  Siege Tank  
  198  13:49  Marine  
  199  14:00  Command Center  
  199  14:01  Command Center  
  199  14:03  Command Center  
  199  14:04  Marine  
  199  14:09  Command Center  
  179  14:30  Marauder x2, Marine x2  
  144  14:31  Medivac  
  144  14:32  Medivac  
  144  14:33  Marauder x2, Marine x2  
  144  14:35  Marine  
  144  14:36  Marine x3  
  144  14:37  Widow Mine x2  
  140  14:48  Marine x2  
  140  14:49  Widow Mine  
  140  14:50  Marine x2  
  140  14:52  Marauder x2  
  147  14:53  Marine  
  147  14:54  Marine  
  147  14:55  Marauder x2  
  151  15:01  Medivac, Marine x2  
  151  15:02  Medivac  
  151  15:05  Marine  
  158  15:07  Widow Mine  
  158  15:08  Marine  
  158  15:10  Siege Tank  
  158  15:12  Marine  
  158  15:13  Marauder x2  
  168  15:16  Marauder  
  168  15:17  Marauder, Marine  
  175  15:21  Widow Mine  
  175  15:26  Marine  
  176  15:34  Marauder, Marine x2  
  176  15:35  Marauder  
  170  15:37  Marauder  
  170  15:38  Marauder  
  170  15:42  Marine  
  138  15:43  Medivac, Marine x2  
  138  15:46  Medivac  
  129  15:51  Marine  
  129  15:52  Marine  
  129  15:54  Marine  
  129  15:56  Marauder x2  
  125  15:57  Marine  
  125  15:59  Marine  
Tags
 
Add a new tag
Caveats
  • Supply blocks, unpowered buildings, or Contaminate may cause inaccurate times.
  • Supply counts are checked every 10 seconds.